 Dungeon Crawl Stone Soup version 0.30-a0-49-g1cef19eb02 (webtiles) character file.

Game seed: 3966580339419777630

49 LnG the Chopper (level 3, -1/33 HPs)
             Began as a Hill Orc Fighter on Sept 2, 2022.
             Was an Initiate of Makhleb.
             Slain by a gnoll
             ... wielding a +0 halberd
              (8 damage)
             ... on level 3 of the Dungeon.
             The game lasted 00:04:48 (1957 turns).

LnG the Chopper (Hill Orc Fighter)                  Turns: 1957, Time: 00:04:48

Health: -1/33      AC:  9    Str: 20    XL:     3   Next: 75%
Magic:  3/3        EV:  9    Int:  8    God:    Makhleb [......]
Gold:   74         SH:  4    Dex: 10    Spells: 2/2 levels left

rFire   . . .      SeeInvis .    a - +2 war axe
rCold   . . .      Faith    .    c - +0 buckler
rNeg    . . .      Spirit   .    b - +0 scale mail
rPois   .          Reflect  .    (no helmet)
rElec   .          Harm     .    (no cloak)
rCorr   .          Rampage  .    j - +0 pair of gloves
Will    .....                    m - +0 pair of boots
Stlth   ..........               (no amulet)
HPRegen 0.11/turn                (no ring)
MPRegen 0.08/turn                (no ring)

@: mighty
A: no striking features
a: Renounce Religion


You were on level 3 of the Dungeon.
You worshipped Makhleb.
Makhleb was noncommittal.
You visited 1 branch of the dungeon, and saw 3 of its levels.

You collected 74 gold pieces.

Inventory:

Hand Weapons
 a - a +2 war axe (weapon)
Missiles
 o - 6 boomerangs (quivered)
Armour
 b - a +0 scale mail (worn)
 c - a +0 buckler (worn)
 j - a +0 pair of gloves (worn)
 m - a +0 pair of boots (worn)
Jewellery
 i - a ring of ice
Wands
 g - a wand of flame (2)
Scrolls
 e - a scroll of summoning {unknown}
 f - a scroll of poison {unknown}
 n - a scroll of butterflies {unknown}
 q - a scroll of amnesia {unknown}
Potions
 h - a potion of invisibility
 k - a potion of resistance {unknown}
 l - a potion of magic {unknown}
 p - a potion of lignification {unknown}


   Skills:
 + Level 4.0 Fighting
 + Level 4.1 Axes
 + Level 3.6 Armour
 + Level 0.3 Dodging
 + Level 3.5 Shields


You had 2 spell levels left.
You didn't know any spells.
Your spell library contained the following spells:

 Spells                   Type           Power      Damage    Failure   Level
 Iskenderun's Battlesphe  Conj           0%         2d6       100%        5
 Iron Shot                Conj/Erth      0%         9d1       100%        6
 Spellforged Servitor     Conj/Summ      0%         N/A       100%        7


Dungeon Overview and Level Annotations

Branches:
Dungeon (3/15)

Altars:
Makhleb
The Shining One

Shops:
D:3 (


Message History

A gnoll comes into view. It is wielding a +0 spear.
You barely miss the gnoll. The gnoll hits you with a +0 spear.
You barely miss the gnoll. The gnoll closely misses you.
You hit the gnoll but do no damage.
The gnoll hits you but does no damage. x2
You barely miss the gnoll. The gnoll barely misses you.
The gnoll hits you from afar with a +0 spear.
You barely miss the gnoll. The gnoll barely misses you.
The gnoll hits you but does no damage.
You completely miss the gnoll. The gnoll hits you but does no damage.
The gnoll misses you. The gnoll barely misses you.
The gnoll hits you but does no damage.
You barely miss the gnoll.
The gnoll hits you from afar with a +0 spear.
You block the gnoll's attack.
You barely miss the gnoll. The gnoll hits you but does no damage.
The gnoll barely misses you.
You hit the gnoll.
The gnoll is moderately wounded.
The gnoll closely misses you. x2
You feel very mighty all of a sudden. You block the gnoll's attack.
The gnoll hits you from afar with a +0 spear.
You are too injured to fight recklessly!
You are too injured to fight recklessly!
You are too injured to fight recklessly!
You are too injured to fight recklessly!
You are too injured to fight recklessly!
You hit the gnoll.
The gnoll is heavily wounded.
The gnoll barely misses you.
The gnoll hits you from afar with a +0 spear.
The gnoll closely misses you. You block the gnoll's attack.
A gnoll comes into view. It is wielding a +0 halberd.
The gnoll shouts!
You slash the gnoll!
The gnoll is almost dead.
The gnoll hits you from afar with a +0 spear.
* * * LOW HITPOINT WARNING * * *
The gnoll hits you with a +0 halberd!
You die...

#...##### ....... #...#
....... #...# .....
#...# ##... #...# #..#
#####...#######.##.#..
..............._....#
.........g....#.#....∩.
..........@g..#.....#.#
####....#g#####....#..
#....#.# #.##..?..
#....#.# #.# .##.#
#....#.# #.# . #....#.#
.# . .. ..


You could see 3 gnolls.

Vanquished Creatures
  2 worms
  A dart slug (D:2)
  A ball python (D:1)
  2 endoplasms (D:1)
  3 giant cockroaches
  2 goblins (D:1)
  4 hobgoblins
  3 quokkas
  2 bats (D:1)
  15 frilled lizards
  3 kobolds
  6 rats
44 creatures vanquished.

Vanquished Creatures (others)
  7 plants (D:1)
7 creatures vanquished.

Grand Total: 51 creatures vanquished

Notes
Turn   | Place    | Note
-------+----------+-------------------------------------------
     0 | D:1      | LnG the Hill Orc Fighter began the quest for the Orb.
     0 | D:1      | Reached XP level 1. HP: 19/19 MP: 1/1
   111 | D:1      | You fall into a shaft and drop 1 floor!
   342 | D:1      | Reached XP level 2. HP: 27/27 MP: 2/2
   866 | D:1      | Reached XP level 3. HP: 33/33 MP: 3/3
   940 | D:1      | Found a faded altar of an unknown god.
  1210 | D:2      | Found a burning altar of Makhleb.
  1218 | D:2      | Became a worshipper of Makhleb the Destroyer
  1881 | D:3      | Found a glowing golden altar of the Shining One.
  1887 | D:3      | Found Fusishabagh's Weapon Emporium.
  1957 | D:3      | Slain by a gnoll

Illustrated notes

Levels and vault maps discovered:
D:1:      heliophobic_arrival_ceremonial_halls, layout_loops_ring,
          serial_rivers, chequers_serial_rivers_small_3,
          chequers_serial_rivers_micro_e, chequers_serial_rivers_micro_e,
          chequers_serial_rivers_small_a, shapermc_ecumenical_altar_pompeii,
          minmay_lizard_king
D:2:      layout_basic, basic_altar, grunt_decor_clamped
D:3:      layout_loops_cross, lemuel_crystal_altar, serial_shops,
          nicolae_shop_advertising_works [nicolae_subvault_shop_adworks], shop,
          nicolae_lakefront_shop, shop, minivault_24, amethyst_killhole,
          minmay_close_crescents

Skill      XL: |  1  2  3 |
---------------+----------+-----
Axes           | 3 4 |  4.1
Fighting       | 4 |  4.0
Armour         | |  3.6
Dodging        | |  0.3
Shields        | |  3.5

Action                   || total
-------------------------++-------
Melee: War axe           ||   121
  Use: Scroll            ||     3
       Potion            ||     1
Armor: Scale mail        ||    63
Dodge: Dodged            ||    56
Block: Buckler           ||    25

Table legend: (Time is in decaauts)
 A = Elapsed time spent in this place.
 B = Non-inter-level travel time spent in this place.
 C = Inter-level travel time spent in this place.
 D = Time resting spent in this place.
 E = Time spent auto-exploring this place.
 F = Levels seen in this place.
 G = Mean time per level.
                   A        B        C        D        E       F      G
               +--------+--------+--------+--------+--------+-----+--------+
         Total |   2009 |   1790 |    219 |     37 |   1088 |   3 |  669.7 |
       Dungeon |   2009 |   1790 |    219 |     37 |   1088 |   3 |  669.7 |
               +--------+--------+--------+--------+--------+-----+--------+

Top non-repeatable levels by time:
     D:1: 986 daAuts
     D:2: 812 daAuts
     D:3: 210 daAuts
